 Dungeon Crawl Stone Soup version 0.28-a0-1387-g3a22ab9bdc (webtiles) character file.

Game seed: 5364394749789402642

86 skittles the Magician (level 4, 0/33 HPs)
             Began as a Djinni Conjurer on Jan 2, 2022.
             Slain by a gnoll (13 damage)
             ... on level 3 of the Dungeon.
             The game lasted 00:06:52 (2972 turns).

skittles the Magician (Djinni Conjurer)             Turns: 2972, Time: 00:06:52

Health: 0/33       AC:  2    Str:  6    XL:     4   Next: 77%
Gold:   89         EV: 12    Int: 27    God:
                   SH:  0    Dex:  9

rFire   + . .      SeeInvis .   f - +5 rapier "Zin Teqish" {vorpal, Fragile rElec rF- Int+5}
rCold   x . .      Faith    .   (no shield)
rNeg    . . .      Spirit   .   a - +0 robe
rPois   ∞          Reflect  .   (no helmet)
rElec   +          Harm     .   (no cloak)
rCorr   .          Rampage  .   (no gloves)
Will    .....      Clarity  +   (boots unavailable)
Stlth   +.........              (no amulet)
HPRegen 0.11/turn               (no ring)
MPRegen 0.00/turn               (no ring)

@: flying
A: sickness immunity, fire resistance 2, cold vulnerability 1, float, innate
caster, hp casting, extra vitality 1, clarity, clumsy 1
a: no special abilities


You were on level 3 of the Dungeon.
You visited 1 branch of the dungeon, and saw 3 of its levels.

You collected 89 gold pieces.

Inventory:

Hand Weapons
 f - the +5 rapier "Zin Teqish" (weapon) {vorpal, Fragile rElec rF- Int+5}
   (You took it off an orc on level 3 of the Dungeon)

   It inflicts extra damage upon your enemies.
   Int:       It affects your intelligence (+5).
   rF:        It makes you vulnerable to fire.
   rElec:     It insulates you from electricity.
   Fragile:   It will be destroyed if unequipped.
 g - a +0 whip
 h - a +0 dagger
 j - a +3 mace
Missiles
 b - 109 stones
Armour
 a - a +0 robe (worn)
Jewellery
 i - a ring of see invisible
Scrolls
 c - a scroll of teleportation
Potions
 d - a potion of curing {unknown}
 e - a potion of might {unknown}
 k - a potion of resistance {unknown}


   Skills:
 - Level 1.7 Fighting
 * Level 0.0 Short Blades
 + Level 3.1 Dodging
 - Level 1.5 Stealth
 * Level 4.0 Spellcasting


You couldn't memorise any spells.
You knew the following spells:

 Your Spells              Type           Power      Damage    Failure   Level
a - Magic Dart            Conj           100%       1d8       1%          1
b - Searing Ray           Conj           54%        2d6       2%          2
c - Dazzling Flash        Conj/Hex       54%        N/A       4%          3
d - Fulminant Prism       Conj/Hex       13%        3d9       16%         4
e - Iskenderun's Mystic   Conj/Tloc      27%        2d7       16%         4
f - Animate Skeleton      Necr           54%        N/A       1%          1
Your spell library was empty.

Dungeon Overview and Level Annotations

Branches:
Dungeon (3/15)

Altars:


Innate Abilities, Weirdness & Mutations

You are immune to sickness and miasma.
You are immune to poison.
Your flesh is very heat resistant. (rF++)
You are vulnerable to cold. (rC-)
You float through the air rather than walking.
You learn spells naturally, not from books.
Your magical power is your life essence.
You have superior vitality. (+4 MHP)
You possess an exceptional clarity of mind.
You are clumsy. (Dex -2)


Message History

You hit the bat.
You kill the bat!
No target in view!
No target in view!
No target in view!
No target in view!
No target in view!
A sourceless malevolence fills the Dungeon... and a teleportation trap spontaneously manifests!
You are yanked towards some nearby monsters!
Your surroundings suddenly seem different.
A ball python, a gnoll and an orc come into view.
The gnoll shouts!
The ball python hisses angrily.
You hear a shout!
A gnoll comes into view. It is wielding a +0 club.
The ball python bites you but does no damage.
The ball python grabs you. The ball python constricts you.
You escape the ball python's grasp.
The ball python barely misses you. The ball python misses you.
The ball python barely misses you. The ball python grabs you.
The ball python constricts you.
You escape the ball python's grasp.
The ball python bites you. The ball python barely misses you.
Casting: Searing Ray (safe; 2% risk of failure)
Confirm with . or Enter, or press ? or * to list all spells.
Aiming: Searing Ray (safe; 2% risk of failure)
Press: ? - help, Shift-Dir - straight line, f - ball python
Aim: a ball python (77% to hit)
The searing ray hits the ball python.
You kill the ball python! (Press . to maintain the ray.)
The searing ray hits the gnoll.
The gnoll is moderately wounded.
The searing ray misses the gnoll.
The gnoll hits you with a +0 flail!
The searing ray hits the gnoll.
The gnoll is heavily wounded.
You finish channelling your searing ray.
The gnoll barely misses you. The gnoll completely misses you.
The gnoll hits you with a +0 flail. The gnoll hits you with a +0 flail!
You die...

##############
#....g@......#
#.#########...
#...........#
#...###.####...
.....#........#
#.###...###.##.#
##.## #.. .. #.
#g. ... #. #..#
..


You could see a gnoll.

Vanquished Creatures
  An orc priest (D:3)
  An adder (D:2)
  A worm (D:2)
  A dart slug (D:2)
  4 orcs (D:3)
  6 bats
  4 endoplasms (D:2)
  3 goblins
  3 hobgoblins
  2 jackals (D:3)
  2 quokkas (D:1)
  4 ball pythons
  4 frilled lizards
  A kobold (D:1)
  A rat (D:2)
38 creatures vanquished.

Vanquished Creatures (others)
  30 plants
30 creatures vanquished.

Grand Total: 68 creatures vanquished

Notes
Turn   | Place    | Note
-------+----------+-------------------------------------------
     0 | D:1      | skittles the Djinni Conjurer began the quest for the Orb.
     0 | D:1      | Reached XP level 1. HP: 15/15 MP: 0/0
   456 | D:1      | Reached XP level 2. HP: 18/22 MP: 0/0
  1407 | D:2      | Reached XP level 3. HP: 24/26 MP: 0/0
  1407 | D:2      | Learned a level 1 spell: Animate Skeleton
  1436 | D:2      | Reached skill level 1 in Fighting
  1524 | D:2      | Found a faded altar of an unknown god.
  2306 | D:2      | Gained mutation: You occasionally shout uncontrollably at
                  | your foes. [potion of mutation]
  2307 | D:2      | Lost mutation: You occasionally shout uncontrollably at
                  | your foes. [potion of mutation]
  2307 | D:2      | Gained mutation: You are clumsy. (Dex -2) [potion of
                  | mutation]
  2307 | D:2      | Gained mutation: You possess an exceptional clarity of
                  | mind. [potion of mutation]
  2656 | D:3      | Reached XP level 4. HP: 28/32 MP: 0/0
  2699 | D:3      | Reached skill level 4 in Spellcasting
  2848 | D:3      | Identified the +5 rapier "Zin Teqish" {vorpal, Fragile
                  | rElec rF- Int+5}
  2972 | D:3      | Slain by a gnoll

Illustrated notes

Levels and vault maps discovered:
D:1:      kilobyte_arrival_exit_the_forest, layout_basic, nrook_uturn,
          minmay_tromino_mix6
D:2:      layout_loops_cross, shapermc_ecumenical_altar_petra, kennysheep_boxes
D:3:      layout_loops_ring, lemuel_round_altar, nicolae_grassy_gnolls

Skill      XL: |  1  2  3  4 |
---------------+-------------+-----
Fighting       | 1 |  1.7
Dodging        | 3 |  3.1
Spellcasting   | 4 |  4.0
Stealth        | |  1.5

Action                   |  1- 3 |  4- 6 || total
-------------------------+-------+-------++-------
Melee: Dagger            |    16 |       ||    16
       Rapier            |       |     3 ||     3
 Cast: Magic Dart        |    57 |       ||    57
       Searing Ray       |     5 |     4 ||     9
       Animate Skeleton  |     2 |     1 ||     3
  Use: Scroll            |     4 |       ||     4
       Potion            |     2 |       ||     2
Armor: Robe              |     3 |     3 ||     6
Dodge: Dodged            |    14 |     8 ||    22

Table legend: (Time is in decaauts)
 A = Elapsed time spent in this place.
 B = Non-inter-level travel time spent in this place.
 C = Inter-level travel time spent in this place.
 D = Time resting spent in this place.
 E = Time spent auto-exploring this place.
 F = Levels seen in this place.
 G = Mean time per level.
                   A        B        C        D        E       F      G
               +--------+--------+--------+--------+--------+-----+--------+
         Total |   2970 |   2921 |     49 |    369 |   2238 |   3 |  990.0 |
       Dungeon |   2970 |   2921 |     49 |    369 |   2238 |   3 |  990.0 |
               +--------+--------+--------+--------+--------+-----+--------+

Top non-repeatable levels by time:
     D:2: 1311 daAuts
     D:1: 1194 daAuts
     D:3: 464 daAuts
